 Dungeon Crawl Stone Soup version 0.27-a0-1321-gd358eaa319 (webtiles) character file.

Game seed: 12202418048723501391

56721 Froggeryz the Brawler (level 14, -18/115 HPs)
             Began as a Ghoul Gladiator on June 22, 2021.
             Was the Champion of Okawaru.
             Demolished by a minotaur (29 damage)
             ... in a Gauntlet.
             The game lasted 00:32:10 (25844 turns).

Froggeryz the Brawler (Ghoul Gladiator)            Turns: 25844, Time: 00:32:11

Health: -18/115    AC: 23    Str: 23    XL:     14   Next: 83%
Magic:  16/16      EV: 13    Int:  3    God:    Okawaru [******]
Gold:   981        SH:  5    Dex: 10    Spells: 13/13 levels left

rFire    . . .     SeeInvis .     - Unarmed
rCold    + + .     Faith    .   r - +0 buckler
rNeg     + + +     Spirit   .   R - +3 chain mail "Juwnut" {rC+}
rPois    ∞         Reflect  .   q - +2 helmet
rElec    .         Harm     .   C - +1 cloak {Will+}
rCorr    .         Rampage  .   (no gloves)
Will     ++...     NoTele   +   O - +2 pair of boots
Stlth    ..........             (no amulet)
HPRegen  0.00/turn              o - +4 ring of evasion
MPRegen  0.15/turn              M - ring of flight

@: flying
A: claws 1, cold resistance 1, negative energy resistance 3, inhibited
regeneration, torment resistance 2
a: Renounce Religion, Heroism, Finesse


You were in a Gauntlet.
You worshipped Okawaru.
Okawaru was exalted by your worship.
You visited 3 branches of the dungeon, and saw 18 of its levels.
You visited the Abyss 1 time.
You also visited: Gauntlet.

You collected 1058 gold pieces.
You spent 77 gold pieces at shops.

Inventory:

Missiles
 h - 14 curare-tipped darts
 k - 10 javelins
 n - 106 poisoned darts
 z - a throwing net
 D - 2 silver boomerangs
 G - 36 boomerangs (quivered)
Armour
 b - a +0 pair of gloves
 q - a +2 helmet (worn)
 r - a +0 buckler (worn)
 C - a +1 cloak of willpower (worn)
 O - a +2 pair of boots (worn)
 R - the +3 chain mail "Juwnut" (worn) {rC+}
   (You found it in a Gauntlet)

   It protects you from cold.
Jewellery
 o - a +4 ring of evasion (left claw)
 u - a ring of resist corrosion
 A - a ring of see invisible
 B - a ring of protection from cold
 M - a ring of flight (right claw)
 Q - an amulet of the acrobat
Wands
 d - a wand of iceblast (14)
 i - a wand of polymorph (19)
 v - a wand of acid (15)
 y - a wand of flame (40)
 H - a wand of paralysis (15)
 K - a wand of mindburst (10)
Scrolls
 a - a scroll of immolation
 f - a scroll of silence
 g - a scroll of fog
 l - a scroll of blinking
 p - 5 scrolls of teleportation
 x - 2 scrolls of summoning
 E - 2 scrolls of enchant armour
 J - a scroll of magic mapping
 P - a scroll of identify
Potions
 c - 2 potions of brilliance
 e - 4 potions of curing
 m - 2 potions of flight
 s - a potion of resistance
 w - 3 potions of invisibility
 F - a potion of might
 L - 2 potions of cancellation


   Skills:
 - Level 8.0 Fighting
 - Level 4.1 Throwing
 * Level 8.6 Armour
 - Level 5.0 Dodging
 - Level 5.3 Shields
 + Level 19.8 Unarmed Combat
 - Level 5.0 Invocations
 - Level 6.1 Evocations


You had 13 spell levels left.
You didn't know any spells.
Your spell library contained the following spells:

 Spells                   Type           Power      Damage    Failure   Level
 Apportation              Tloc           0%         N/A       98%         1
 Magic Dart               Conj           0%         1d3       98%         1
 Blink                    Tloc           N/A        N/A       99%         2
 Call Imp                 Summ           0%         N/A       99%         2
 Searing Ray              Conj           0%         3d3       99%         2
 Slow                     Hex            0%         N/A       99%         2
 Conjure Flame            Conj/Fire      0%         6-21      100%        3
 Dazzling Flash           Conj/Hex       0%         N/A       100%        3
 Lesser Beckoning         Tloc           0%         N/A       100%        3
 Mephitic Cloud           Conj/Pois/Air  0%         N/A       100%        3
 Tukima's Dance           Hex            0%         N/A       100%        3
 Fulminant Prism          Conj/Hex       0%         3d6       100%        4
 Iskenderun's Mystic Bla  Conj/Tloc      0%         2d3       100%        4
 Alistair's Intoxication  Tmut/Pois      0%         N/A       100%        5
 Invisibility             Hex            0%         N/A       100%        6


Dungeon Overview and Level Annotations

Branches:
Dungeon (11/15)            Temple (1/1) D:7            Lair (6/6) D:8
 Shoals (0/4) Lair:3       Spider (0/4) Lair:4        Slime (0/5) Lair:6
    Orc (0/2) D:9         Gauntlet (1/1)

Altars:
Cheibriados
Dithmenos
Fedhas
Gozag
Kikubaaqudgha
Makhleb
Nemelex Xobeh
Okawaru
Qazlal
Ru
Sif Muna
Trog
Uskayaw
Vehumet
Wu Jian
Yredelemnul
The Shining One

Shops:
D:6 *:!?   D:9 [

Annotations:
Lair:3 1 runed translucent door, WhatIsLove's ghost, journeyman HOMo
Lair:6 3 runed translucent doors, Univ's ghost, journeyman MiBe Gauntlet 8 transporters, 3 runed translucent doors, exclusion: obsidian statue


Innate Abilities, Weirdness & Mutations

You thrive by killing the living.
You are immune to poison.
You have sharp fingernails.
Your flesh is cold resistant. (rC+)
You are immune to negative energy. (rN+++)
You do not regenerate when monsters are visible.
You are immune to unholy pain and torment.


Message History

You barely miss the thrashing horror.
The thrashing horror is moderately damaged.
The thrashing horror barely misses you. The thrashing horror tramples you.
* * * LOW HITPOINT WARNING * * *
You hold your ground!
A tentacled starspawn comes into view.
You mangle the thrashing horror!!
The thrashing horror is almost destroyed.
The thrashing horror barely misses you.
The thrashing horror tramples you but does no damage.
You claw the thrashing horror!
You destroy the thrashing horror!
Okawaru accepts your kill.
Tentacles burst from the starspawn's body!
A starspawn tentacle comes into view.
Okay, then.
You barely miss the starspawn tentacle. You mangle the tentacled starspawn!!
The tentacled starspawn is moderately damaged.
You claw the tentacled starspawn!
The tentacled starspawn is heavily damaged.
You claw the tentacled starspawn!
The tentacled starspawn is severely damaged.
The tentacled starspawn bites you but does no damage.
The tentacled starspawn tentacle-slaps you but does no damage.
You claw the tentacled starspawn!
The tentacled starspawn is severely damaged.
You mangle the tentacled starspawn!!
You destroy the tentacled starspawn!
Okawaru is honoured by your kill.
The starspawn's tentacles wither and die.
A chaos spawn comes into view.
The substance of the Abyss twists violently, and a gateway leading out appears!
You block the chaos spawn's attack.
You pass through the gate.
Welcome back to a Gauntlet!
The nature of this place prevents you from teleporting.
Level annotation: 8 transporters, 3 runed translucent doors, exclusion: obsidian statue The minotaur hits you from afar with a +3 glaive of distortion!!
You die...

#.....#
#######.#
#.....#.#
#.###.#.#
#.# .#.#
#.# .#.#
#H# .#.#
#.# .#.#
#.#####@#
#....H..#
#########


You could see a minotaur.

Vanquished Creatures
  A lich (Abyss:3)
  2 tentacled starspawn (Abyss:3)
  A fire dragon (Lair:6)
  7 hydras
  A boulder beetle (Lair:5)
  A catoblepas (Lair:6)
  A centaur warrior (D:10)
  A two-headed ogre (D:10)
  4 death yaks
  A death scarab (Gauntlet)
  Sonja (D:10)
  3 thrashing horrors (Abyss:3)
  2 lindwurms
  A cyclops (D:9)
  9 black mambas
  An elephant (Lair:5)
  3 merfolk sirens
  3 molten gargoyles (Lair:6)
  10 cane toads
  A smoke demon (Abyss:3)
  4 torpor snails
  4 rime drakes
  2 unseen horrors (D:10)
  Maggie (D:9)
  10 komodo dragons
  2 trolls (D:9)
  A merfolk (Lair:2)
  2 polar bears
  Prince Ribbit (D:7)
  4 raiju (Abyss:3)
  11 blink frogs
  13 dream sheep
  36 yaks
  7 wyverns
  A spectral komodo dragon (Gauntlet)
  8 basilisks
  5 steam dragons
  3 vampire mosquitoes (D:9)
  A chaos spawn (Abyss:3)
  12 water moccasins
  A large abomination (Abyss:3)
  4 hell hounds (Lair:6)
  A hornet zombie (D:6)
  2 ice beasts
  6 orc warriors
  3 necrophages
  2 ogres
  A centaur (D:7)
  21 wolves
  A phantom (D:5)
  4 kobold brigands
  13 bullfrogs
  6 scorpions
  2 gnoll sergeants
  A water moccasin skeleton (D:5)
  A wyvern skeleton (D:7)
  4 wights (D:10)
  2 howler monkeys
  5 lava snakes (Lair:6)
  A bullfrog skeleton (D:5)
  2 centaur zombies
  2 gnoll shamans
  A hound (D:6)
  4 orc priests
  A jelly (D:6)
  2 centaur skeletons
  An iron imp (D:10)
  Jessica (D:2)
  5 iguanas
  Terence (D:3)
  A scorpion zombie (D:5)
  9 orc wizards
  A killer bee zombie (D:5)
  2 hound zombies (D:5)
  A howler monkey zombie (D:10)
  12 gnolls
  4 adders
  A shadow imp (D:8)
  A white imp (D:7)
  2 ufetubi
  A dart slug (D:1)
  5 worms
  29 orcs
  14 ball pythons
  4 bats
  9 endoplasms
  3 giant cockroaches
  6 goblins
  8 hobgoblins
  3 quokkas
  4 frilled lizards
  29 kobolds
  6 rats
438 creatures vanquished.

Vanquished Creatures (collateral kills)
  A steam dragon (D:6)
1 creature vanquished.

Vanquished Creatures (others)
  A yak (Lair:4)
  28 fungi
  49 plants
  5 starspawn tentacles (Abyss:3)
83 creatures vanquished.

Grand Total: 522 creatures vanquished

Notes
Turn   | Place    | Note
-------+----------+-------------------------------------------
     0 | D:1      | Froggeryz the Ghoul Gladiator began the quest for the Orb.
     0 | D:1      | Reached XP level 1. HP: 17/17 MP: 0/0
   197 | D:1      | Reached XP level 2. HP: 24/24 MP: 1/1
   506 | D:2      | Reached skill level 1 in Armour
   506 | D:2      | Reached skill level 4 in Unarmed Combat
   796 | D:2      | Reached XP level 3. HP: 25/29 MP: 2/2
  1056 | D:2      | Noticed Jessica
  1066 | D:2      | Killed Jessica
  1067 | D:2      | Reached XP level 4. HP: 29/36 MP: 3/3
  1382 | D:3      | Found a radiant altar of Vehumet.
  1436 | D:3      | Found a bloodstained altar of Trog.
  1481 | D:3      | Noticed Terence
  1513 | D:3      | Killed Terence
  1514 | D:3      | Reached skill level 5 in Unarmed Combat
  1773 | D:3      | Noticed Ijyb
  1794 | D:3      | Noticed Ijyb
  1794 | D:3      | Ijyb changed into Ijyb the howler monkey
  1801 | D:3      | Killed Ijyb the howler monkey
  1802 | D:3      | Reached XP level 5. HP: 34/41 MP: 4/4
  2028 | D:3      | Found a faded altar of an unknown god.
  2366 | D:3      | Noticed a +0 dagger
  2366 | D:3      | Noticed a +0 short sword
  2368 | D:3      | Noticed a +0 dagger
  2368 | D:3      | Noticed a +0 spear
  2368 | D:3      | Noticed a +0 spear
  2370 | D:3      | Noticed a +0 short sword
  2371 | D:3      | Noticed a +0 falchion
  2372 | D:3      | Noticed a +0 falchion
  2373 | D:3      | Found a hide-covered altar of Uskayaw.
  2673 | D:3      | Found a blossoming altar of Fedhas.
  2674 | D:3      | Found a sacrificial altar of Ru.
  3027 | D:4      | Found an opulent altar of Gozag.
  3089 | D:4      | Reached skill level 6 in Unarmed Combat
  3133 | D:4      | Reached XP level 6. HP: 41/48 MP: 5/5
  3727 | D:4      | Found a basalt altar of Yredelemnul.
  4174 | D:5      | Entered Level 5 of the Dungeon
  4397 | D:5      | Reached skill level 1 in Shields
  4397 | D:5      | Reached skill level 7 in Unarmed Combat
  4472 | D:5      | Identified the +6 quarterstaff of Hatred {drain, Fragile
                  | rPois Will+ rCorr}
  4475 | D:5      | Reached XP level 7. HP: 55/55 MP: 6/6
  4729 | D:5      | Reached skill level 8 in Unarmed Combat
  5055 | D:5      | Found an ornate altar of the Wu Jian Council.
  5136 | D:6      | Reached XP level 8. HP: 57/61 MP: 7/7
  5225 | D:6      | Reached skill level 9 in Unarmed Combat
  5262 | D:6      | Found a sparkling altar of Nemelex Xobeh.
  5432 | D:6      | Found Temar's Book Emporium.
  5445 | D:6      | Found Agaex's General Store.
  6088 | D:6      | Reached skill level 10 in Unarmed Combat
  6222 | D:6      | HP: 3/61 [something (1)]
  6717 | D:6      | Found Garcher's Magic Scroll Emporium.
  6738 | D:6      | Bought a scroll of fog for 28 gold pieces
  6738 | D:6      | Bought a scroll of fear for 49 gold pieces
  6988 | D:6      | Reached XP level 9. HP: 46/67 MP: 8/8
  7267 | D:6      | Found Parah's Distillery.
  7691 | D:7      | Found a staircase to the Ecumenical Temple.
  7752 | Temple   | Entered the Ecumenical Temple
  7780 | Temple   | Became a worshipper of Warmaster Okawaru
  7887 | D:7      | Noticed Prince Ribbit
  7908 | D:7      | Reached skill level 5 in Shields
  7925 | D:7      | Reached skill level 11 in Unarmed Combat
  8244 | D:7      | Killed Prince Ribbit
  8483 | D:7      | Reached * piety under Okawaru
  8727 | D:7      | Reached skill level 12 in Unarmed Combat
  9365 | D:8      | Reached XP level 10. HP: 73/73 MP: 9/9
  9517 | D:8      | Found a staircase to the Lair.
  9746 | Lair:1   | Entered Level 1 of the Lair of Beasts
  9838 | Lair:1   | Noticed a cane toad
  9845 | Lair:1   | Killed a cane toad
  9975 | Lair:1   | Reached ** piety under Okawaru
 10487 | Lair:2   | Reached skill level 13 in Unarmed Combat
 10783 | Lair:2   | Noticed a cane toad
 10794 | Lair:2   | Killed a cane toad
 10804 | Lair:2   | Reached *** piety under Okawaru
 10972 | Lair:2   | Noticed a cane toad
 10982 | Lair:2   | Killed a cane toad
 10982 | Lair:2   | Received a gift from Okawaru
 11154 | Lair:2   | Noticed a cane toad
 11169 | Lair:2   | Killed a cane toad
 11170 | Lair:2   | Reached skill level 5 in Fighting
 11170 | Lair:2   | Reached skill level 14 in Unarmed Combat
 11735 | Lair:2   | Reached XP level 11. HP: 81/88 MP: 10/10
 11971 | Lair:3   | Noticed a lindwurm
 11979 | Lair:3   | Killed a lindwurm
 11979 | Lair:3   | Reached **** piety under Okawaru
 12092 | Lair:3   | Found a staircase to the Shoals.
 12111 | Lair:3   | Reached skill level 1 in Evocations
 12740 | Lair:2   | Reached skill level 15 in Unarmed Combat
 13145 | Lair:3   | Received a gift from Okawaru
 13571 | Lair:3   | Reached ***** piety under Okawaru
 13665 | Lair:3   | Found a runed translucent door.
 13665 | Lair:3   | Noticed WhatIsLove's ghost (journeyman HOMo)
 13714 | Lair:3   | Received a gift from Okawaru
 13834 | Lair:3   | Reached XP level 12. HP: 96/96 MP: 11/11
 14205 | Lair:3   | Reached skill level 5 in Dodging
 14507 | Lair:3   | Reached skill level 16 in Unarmed Combat
 15026 | Lair:4   | Received a gift from Okawaru
 15303 | Lair:4   | Noticed a six-headed hydra
 15316 | Lair:4   | Killed a six-headed hydra
 15317 | Lair:4   | Reached skill level 5 in Evocations
 15614 | Lair:4   | Found a hole to the Spider Nest.
 16123 | Lair:4   | Reached skill level 17 in Unarmed Combat
 16480 | Lair:5   | Noticed a five-headed hydra
 16489 | Lair:5   | Killed a five-headed hydra
 16593 | Lair:5   | Reached skill level 1 in Invocations
 16692 | Lair:5   | Reached XP level 13. HP: 92/102 MP: 13/13
 17166 | Lair:5   | Received a gift from Okawaru
 18229 | Lair:6   | Entered Level 6 of the Lair of Beasts
 18327 | Lair:6   | Reached skill level 5 in Invocations
 18444 | Lair:6   | Reached skill level 18 in Unarmed Combat
 19424 | Lair:6   | Found a runed translucent gate.
 19424 | Lair:6   | Found a runed translucent gate.
 19424 | Lair:6   | Found a runed translucent gate.
 19426 | Lair:6   | Noticed Univ's ghost (journeyman MiBe)
 19890 | Lair:6   | Reached ****** piety under Okawaru
 20280 | Lair:5   | Received a gift from Okawaru
 20788 | Lair:6   | Found a large runed translucent door.
 20788 | Lair:6   | Found a large runed translucent door.
 20927 | Lair:6   | Found a staircase to the Slime Pits.
 21504 | Lair:4   | Reached skill level 19 in Unarmed Combat
 21904 | Lair:6   | Reached XP level 14. HP: 112/115 MP: 16/16
 22122 | Lair:6   | Reached skill level 5 in Armour
 22698 | D:9      | Found Nofillea's Armour Emporium.
 22698 | D:9      | Found a staircase to the Orcish Mines.
 22788 | D:9      | Found a shimmering blue altar of Sif Muna.
 22914 | D:9      | Noticed Maggie
 22920 | D:9      | Killed Maggie
 22990 | D:9      | Found a stormy altar of Qazlal.
 23300 | D:10     | Entered Level 10 of the Dungeon
 23432 | D:10     | Noticed Sonja
 23440 | D:10     | Killed Sonja
 23444 | D:10     | Received a gift from Okawaru
 23807 | D:10     | Found a snail-covered altar of Cheibriados.
 24390 | D:11     | Found a gate leading to a gauntlet.
 24399 | Gauntlet | Entered a Gauntlet
 24399 | Gauntlet | Found a transporter.
 24406 | Gauntlet | Found a transporter.
 24408 | Gauntlet | Found a transporter.
 24423 | Gauntlet | Found a transporter.
 24424 | Gauntlet | Found a transporter.
 24441 | Gauntlet | Found a transporter.
 24449 | Gauntlet | Found a transporter.
 24459 | Gauntlet | Found a transporter.
 24464 | Gauntlet | Found a transporter.
 24464 | Gauntlet | Found a transporter.
 24474 | Gauntlet | Found a transporter.
 24504 | Gauntlet | Found a runed translucent gate.
 24505 | Gauntlet | Found a transporter.
 24505 | Gauntlet | Found a runed translucent gate.
 24506 | Gauntlet | Found a runed translucent gate.
 24519 | Gauntlet | Found a transporter.
 24521 | Gauntlet | Found a transporter.
 24597 | Gauntlet | Identified the +3 chain mail "Juwnut" {rC+}
 24847 | Gauntlet | HP: 4/115 [molten gargoyle/bolt of magma (11)]
 25285 | Gauntlet | Cast into level 3 of the Abyss (minotaur)
 25530 | Abyss:3  | Noticed a lich
 25535 | Abyss:3  | Killed a lich
 25709 | Abyss:3  | Noticed a tentacled starspawn
 25721 | Abyss:3  | Killed a tentacled starspawn
 25829 | Abyss:3  | Received a gift from Okawaru
 25833 | Abyss:3  | Noticed a tentacled starspawn
 25841 | Abyss:3  | Killed a tentacled starspawn
 25844 | Gauntlet | Escaped the Abyss
 25844 | Gauntlet | Demolished by a minotaur

Illustrated notes

Levels and vault maps discovered:
D:1:      matt_arrival_grand_opening, layout_basic
D:2:      layout_rooms, uniq_jessica
D:3:      minmay_recursive_quarters, layout_loops_corners,
          nicolae_vehumet_altar_sigil, lemuel_doored_altar,
          gammafunk_temple_overflow_statue, nicolae_uskayaw_en_pointe,
          basic_ecumenical_altar, serial_rivers, chequers_serial_rivers_micro_d,
          chequers_serial_rivers_small_a, chequers_serial_rivers_micro_c,
          chequers_serial_rivers_room_b, chequers_serial_rivers_micro_e,
          guppyfry_early_orc_mine, uniq_ijyb, uniq_terence
D:4:      layout_gridville, kennysheep_mini, nicolae_overflow_crystal_walls,
          serial_glass, glass_columns_c, glass_columns_b, st_stairs_6
D:5:      layout_basic, general_overflow_altar
D:6:      minmay_flawed_box, layout_layer_cave, lemuel_crystal_altar,
          serial_shops, nicolae_shop_crystal, nicolae_stop_n_shop_2,
          nicolae_shop_waterfront, nicolae_shop_statue_plus, grunt_ministairs_7
D:7:      layout_cave_pools, minmay_temple_entry_mist, uniq_prince_ribbit1
D:8:      layout_loops_ring, lair_entry_dummy, minmay_misc_feat_roman
D:9:      layout_cross, nicolae_sif_muna_condensation,
          nicolae_qazlal_general_emergency, orc_david_3, serial_gnoll_camp,
          gnoll_camp_mini_hut, gnoll_camp_mini_house, gnoll_camp_mini_hut,
          gnoll_camp_mini_hut, kennysheep_generic_room_5, uniq_maggie
D:10:     layout_small_grid, slow_altar_1, chequers_serial_rivers_micro_b,
          minivault_11, uniq_sonja
D:11:     minmay_the_grid_four_pointed_star_mashed
          [minmay_the_grid_triangle_9x9_corruption,
          minmay_the_grid_triangle_9x9_limited_checkers,
          minmay_the_grid_triangle_9x9_flanged_cone,
          minmay_the_grid_triangle_9x9_wacky_v,
          minmay_the_grid_prize_shrinking_boxes], layout_basic,
          gauntlet_entry_generic, wad_rectangle_vault, uniq_erica
Temple:   cyrus_temple_forest
Lair:1:   layout_misc_corridors, st_stairs_5, grunt_megastairs_5
Lair:2:   layout_chaotic_city
Lair:3:   layout_roguey, elwin_shoals_entry_stream,
          ebering_ghost_reflecting_pool, grunt_megastairs_3
Lair:4:   layout_hall_layers, nicolae_spider_entry_non_spiders,
          serial_bayou_lake_a
Lair:5:   nzn_winding_woodlands_medium [nzn_winding_woodlands_5x5_perimeter,
          nzn_winding_woodlands_5x15_default,
          nzn_winding_woodlands_5x5_closed_star,
          nzn_winding_woodlands_5x5_three,
          nzn_winding_woodlands_center_diamonds,
          nzn_winding_woodlands_5x5_cross, nzn_winding_woodlands_5x5_default,
          nzn_winding_woodlands_5x15_lazy_stream,
          nzn_winding_woodlands_hourglass], layout_layer_cave
Lair:6:   cheibrodos_lair_end_hotspot, layout_regular_city, slime_dummy,
          gammafunk_ghost_hydra_chop
Gauntlet: minmay_gauntlet_77_tree [minmay_gauntlet_arena_77_squiggly,
          minmay_gauntlet_arena_77_radiant_squares,
          minmay_gauntlet_arena_77_checkered,
          minmay_gauntlet_arena_77_run_for_it,
          minmay_gauntlet_arena_77_chump_sandwich,
          minmay_gauntlet_arena_77_two_paths,
          minmay_gauntlet_arena_77_two_lines, gauntlet_exit_spiral]

Skill      XL: |  1  2  3  4  5  6  7  8  9 10 11 12 13 14 |
---------------+-------------------------------------------+-----
Armour         | 1 2 3 4 8 |  8.6
Unarmed Combat | 4 5 6 7 8 10 12 14 15 17 19 | 19.8
Shields        | 1 2 4 5 |  5.3
Throwing       | 3 4 |  4.1
Fighting       | 5 6 8 |  8.0
Dodging        | 4 5 |  5.0
Evocations     | 3 6 |  6.1
Invocations    | 2 5 |  5.0

Action                   |  1- 3 |  4- 6 |  7- 9 | 10-12 | 13-15 || total
-------------------------+-------+-------+-------+-------+-------++-------
Melee: Unarmed           |    67 |   232 |   360 |   586 |   687 ||  1932
       Punch             |     1 |     6 |     7 |       |       ||    14
Throw: Throwing net      |       |     3 |       |       |       ||     3
       Dart              |       |     5 |    22 |    17 |       ||    44
       Boomerang         |       |       |       |     5 |     3 ||     8
Invok: Finesse           |       |       |       |       |     3 ||     3
       Heroism           |       |       |       |       |     2 ||     2
Evoke: Wand              |       |     3 |     1 |    12 |    21 ||    37
  Use: Scroll            |       |     3 |     8 |     4 |    11 ||    26
       Potion            |       |       |     4 |       |     5 ||     9
 Stab: Held in net/web   |       |     4 |       |       |       ||     4
       Paralysed         |       |       |       |     5 |     4 ||     9
Armor: Leather armour    |     4 |       |       |       |       ||     4
       Scale mail        |    12 |    51 |    98 |   132 |   177 ||   470
       Chain mail        |       |       |       |       |    16 ||    16
Dodge: Dodged            |    36 |   111 |   205 |   231 |   302 ||   885
Block: Buckler           |       |       |    31 |    93 |   100 ||   224

Table legend: (Time is in decaauts)
 A = Elapsed time spent in this place.
 B = Non-inter-level travel time spent in this place.
 C = Inter-level travel time spent in this place.
 D = Time resting spent in this place.
 E = Time spent auto-exploring this place.
 F = Levels seen in this place.
 G = Mean time per level.
                   A        B        C        D        E       F      G
               +--------+--------+--------+--------+--------+-----+--------+
         Total |  25392 |  24552 |    840 |   6351 |  14453 |  20 | 1269.6 |
       Dungeon |  11536 |  11180 |    356 |   1640 |   7950 |  11 | 1048.7 |
        Temple |     55 |     32 |     23 |      0 |     26 |   1 |   55.0 |
          Lair |  12403 |  11943 |    460 |   3765 |   6477 |   6 | 2067.2 |
         Abyss |    503 |    503 |      0 |    358 |      0 |   1 |  503.0 |
      Gauntlet |    893 |    893 |      0 |    587 |      0 |   1 |  893.0 |
               +--------+--------+--------+--------+--------+-----+--------+

Top non-repeatable levels by time:
  Lair:5: 3054 daAuts
  Lair:6: 2489 daAuts
  Lair:2: 2145 daAuts
  Lair:4: 2050 daAuts
     D:6: 2044 daAuts
     D:3: 1829 daAuts
  Lair:3: 1693 daAuts
     D:5: 1336 daAuts
     D:7: 1176 daAuts
     D:4: 1140 daAuts
    D:10: 1022 daAuts
  Lair:1: 968 daAuts
     D:8: 922 daAuts
Gauntlet: 893 daAuts
     D:9: 838 daAuts
